 Dungeon Crawl Stone Soup version 0.28-b1-1-g3c77fb2ed1 (webtiles) character file.

Game seed: 14198596592228906547

383 pkoi the Slasher (level 6, -7/56 HPs)
             Began as a Minotaur Fighter on Jan 28, 2022.
             Was an Initiate of Qazlal.
             Killed by divine providence
             ... invoked by an orc priest
              (10 damage)
             ... on level 4 of the Dungeon.
             The game lasted 00:03:37 (3551 turns).

pkoi the Slasher (Minotaur Fighter)                 Turns: 3551, Time: 00:03:37

Health: -7/56      AC:  9    Str: 23    XL:     6   Next: 47%
Magic:  5/5        EV:  7    Int:  5    God:    Qazlal [......]
Gold:   164        SH:  5    Dex:  9    Spells: 5/5 levels left

rFire   . . .      SeeInvis +   a - +1 long sword (freeze)
rCold   . . .      Faith    .   c - +1 buckler
rNeg    . . .      Spirit   .   m - +0 chain mail
rPois   .          Reflect  .   (helmet restricted)
rElec   .          Harm     .   (no cloak)
rCorr   .          Rampage  .   (no gloves)
Will    .....                   (no boots)
Stlth   ..........              (no amulet)
HPRegen 0.18/turn               d - ring of see invisible
MPRegen 0.09/turn               (no ring)

@: no status effects
A: horns 2, retaliatory headbutt
a: Renounce Religion


You were on level 4 of the Dungeon.
You worshipped Qazlal.
Qazlal was noncommittal.
You visited 1 branch of the dungeon, and saw 4 of its levels.

You collected 164 gold pieces.

Inventory:

Hand Weapons
 a - a +1 long sword of freezing (weapon)
Missiles
 p - 5 poisoned darts (quivered)
Armour
 c - a +1 buckler (worn)
 m - a +0 chain mail (worn)
Jewellery
 d - a ring of see invisible (left hand)
Wands
 e - a wand of polymorph (5)
Scrolls
 b - a scroll of enchant weapon
 f - a scroll of enchant armour
 o - a scroll of identify
Potions
 h - a potion of degeneration


   Skills:
 - Level 5.0 Fighting
 + Level 5.6 Long Blades
 - Level 0.2 Throwing
 - Level 4.9 Armour
 - Level 4.9 Shields
 + Level 0.8 Invocations
 - Level 0.1 Evocations


You had 5 spell levels left.
You didn't know any spells.
Your spell library contained the following spells:

 Spells                   Type           Power      Damage    Failure   Level
 Corpse Rot               Necr/Air       0%         N/A       100%        2
 Dazzling Flash           Conj/Hex       0%         N/A       100%        3
 Dispel Undead            Necr           0%         3d6       100%        4
 Agony                    Necr           0%         N/A       100%        5
 Silence                  Hex/Air        0%         N/A       100%        5
 Death Channel            Necr           0%         N/A       100%        6
 Dispersal                Tloc           0%         N/A       100%        6
 Disjunction              Tloc           0%         N/A       100%        8


Dungeon Overview and Level Annotations

Branches:
Dungeon (4/15)
 Temple: D:4-7

Altars:
Qazlal

Annotations:
D:4 Eustachio, Sigmund


Innate Abilities, Weirdness & Mutations

You have a pair of horns on your head.
You reflexively headbutt those who attack you in melee.


Message History

You are too injured to fight recklessly!
You are too injured to fight recklessly!
You are too injured to fight recklessly!
You are too injured to fight recklessly!
You are too injured to fight recklessly!
You are too injured to fight recklessly!
You are too injured to fight recklessly!
You are too injured to fight recklessly!
You are too injured to fight recklessly!
You are too injured to fight recklessly!
Unknown command.
The orc hits you with a +0 hand axe. You block the orc's attack.
You slash the orc! You freeze the orc.
You kill the orc!
Qazlal accepts your kill. The orc closely misses you.
You barely miss the orc.
The orc is heavily wounded.
The orc hits you from afar with a +0 trident.
The orc hits you with a +0 mace.
Eustachio casts a spell.
Eustachio blinks!
The orc priest mumbles some strange prayers to Beogh against you.
Beogh smites you!
* * * LOW HITPOINT WARNING * * *
You hit the orc but do no damage. You headbutt the orc, but do no damage.
The orc is heavily wounded.
The orc hits you from afar with a +0 trident.
* * * LOW HITPOINT WARNING * * *
The orc hits you with a +0 mace.
* * * LOW HITPOINT WARNING * * *
The orc hits you but does no damage. You block the orc's attack.
You closely miss the orc.
The orc is heavily wounded.
The orc closely misses you. The orc completely misses you.
Unknown command.
Okay, then.
The orc priest invokes the aid of Beogh against you.
Beogh smites you!
You die...

.....##........#....#
#..####......(.#....# #..#
#........#.#'##
...####........#.#.#
#.....#........###)#
#.....#........###.#
..>...#............#
##....#........#.###
##....#........#@#### #
..#...#######.....oo####....
..#...# #.##.##oo.......
..###### #.##.##.o.......
..# #.# #....##.........
.#####.# ####.##.........
.#..<..# #.##.........
....##.# #.##....#####
..).##.# #######.#


You could see an orc warrior, an orc priest and 3 orcs.

Vanquished Creatures
  Grinder (D:3)
  An orc priest (D:4)
  Robin (D:3)
  4 adders
  2 worms (D:3)
  A dart slug (D:2)
  7 orcs
  7 ball pythons
  7 endoplasms
  5 giant cockroaches
  11 goblins
  6 hobgoblins
  4 jackals
  9 kobolds
  3 quokkas
  6 bats
  5 frilled lizards
  3 rats
83 creatures vanquished.

Notes
Turn   | Place    | Note
-------+----------+-------------------------------------------
     0 | D:1      | pkoi the Minotaur Fighter began the quest for the Orb.
     0 | D:1      | Reached XP level 1. HP: 19/19 MP: 0/0
   220 | D:1      | Reached XP level 2. HP: 24/27 MP: 1/1
   807 | D:1      | Reached XP level 3. HP: 33/33 MP: 2/2
   868 | D:1      | Found a faded altar of an unknown god.
  1167 | D:2      | Reached XP level 4. HP: 40/40 MP: 3/3
  1446 | D:3      | Identified the +2 helmet "Rogez" {rC- Str+2 Stlth+}
  1446 | D:3      | Noticed Robin
  1480 | D:3      | HP: 2/40 [frilled lizard (2)]
  1779 | D:3      | Killed Robin
  2050 | D:3      | Noticed Grinder
  2056 | D:3      | Paralysed by Grinder for 4 turns
  2078 | D:3      | Paralysed by Grinder for 4 turns
  2091 | D:3      | Killed Grinder
  2092 | D:3      | Reached skill level 5 in Fighting
  2092 | D:3      | Reached skill level 5 in Long Blades
  2092 | D:3      | Reached XP level 5. HP: 34/48 MP: 4/4
  2092 | D:3      | Reached XP level 6. HP: 40/56 MP: 5/5
  2330 | D:3      | You fall into a shaft and drop 1 floor!
  2533 | D:4      | Found a stormy altar of Qazlal.
  2580 | D:4      | Became a worshipper of Qazlal Stormbringer
  2657 | D:4      | Noticed Sigmund
  2657 | D:4      | Noticed Eustachio
  3542 | D:4      | Noticed an orc warrior
  3551 | D:4      | Killed from afar by an orc priest

Illustrated notes

Levels and vault maps discovered:
D:1:      minmay_arrival_four_loops, layout_basic, basic_ecumenical_altar,
          minmay_tetromino_s4
D:2:      layout_rooms
D:3:      layout_loops_ring, uniq_grinder, uniq_robin
D:4:      layout_basic, mainiacjoe_overflow_brackets, uniq_eustachio,
          uniq_sigmund

Skill      XL: |  1  2  3  4 |
---------------+-------------+-----
Long Blades    | 3 5 |  5.6
Armour         | 4 |  4.9
Shields        | 4 |  4.9
Fighting       | 4 5 |  5.0
Throwing       | |  0.2
Invocations    | |  0.8
Evocations     | |  0.1

Action                   |  1- 3 |  4- 6 || total
-------------------------+-------+-------++-------
Melee: Long sword        |    78 |   116 ||   194
       Headbutt          |     4 |    16 ||    20
  Use: Scroll            |     1 |     4 ||     5
       Potion            |       |     9 ||     9
Armor: Scale mail        |    27 |       ||    27
       Chain mail        |    15 |    86 ||   101
       Skin              |       |    11 ||    11
Dodge: Dodged            |    39 |    68 ||   107
Block: Buckler           |    18 |    35 ||    53
